 Dungeon Crawl Stone Soup version 0.20.1-1-g8b1a95d (webtiles) character file.

22 Mesmaeker13 the Skirmisher (level 2, 0/25 HPs)
             Began as a Demigod Wanderer on Oct 12, 2017.
             Succumbed to an adder's poison
             ... on level 2 of the Dungeon.
             The game lasted 00:02:54 (1150 turns).

Mesmaeker13 the Skirmisher (Demigod Wanderer)       Turns: 1150, Time: 00:02:55

Health: 0/25       AC:  3    Str: 17    XL:     2   Next: 51%
Magic:  7/7        EV: 11    Int: 15    God:
Gold:   115        SH:  0    Dex: 14    Spells: 3/4 levels left

rFire    . . .     SeeInvis .   p - +0 spear
rCold    . . .     Gourm    .   (no shield)
rNeg     . . .     Faith    .   k - +0 leather armour
rPois    .         Spirit   .   (no helmet)
rElec    .         Reflect  .   (no cloak)
rCorr    .         Harm     .   (no gloves)
MR       .....                  (no boots)
Stlth    +.........             (no amulet)
Regen    0.1/turn               (no ring)
MPRegen  0.1/turn               (no ring)

@: lethally poisoned (0 -> -11), very slightly contaminated
A: high mp 1
a: no special abilities


You were on level 2 of the Dungeon.
You were hungry.

You visited 1 branch of the dungeon, and saw 2 of its levels.

You collected 115 gold pieces.

Inventory:

Hand Weapons
 p - a +0 spear (weapon)
Armour
 k - a +0 leather armour (worn)
 r - a cursed +0 plate armour
Scrolls
 e - a scroll of fear {unknown}
 g - a scroll of remove curse {unknown}
 n - a scroll of recharging {unknown}
 q - a scroll of identify {unknown}
Potions
 c - a potion of lignification
 d - a potion of resistance {unknown}
 h - a potion of curing {unknown}
 i - a potion of invisibility {unknown}
 o - a potion of agility {unknown}
 s - a potion of heal wounds {unknown}
Books
 a - a book of Battle

   Spells                             Type                      Level
   a - Infusion                       Charms                       1
   b - Shroud of Golubria             Charms/Translocation         2
   c - Song of Slaying                Charms                       2
   d - Spectral Weapon                Hexes/Charms                 3
   e - Regeneration                   Charms/Necromancy            3
 b - Keloscha's Collected Works on the Mountains

   Spells                             Type                      Level
   a - Sandblast                      Earth                        1
   b - Stone Arrow                    Conjuration/Earth            3
Comestibles
 f - a bread ration
 j - 6 fruits
 l - a royal jelly


   Skills:
 - Level 2.6 Fighting
 + Level 0.8 Dodging
 - Level 1.0 Stealth
   Level 1.0 Shields
 + Level 1.7 Spellcasting
   Level 1.7 Hexes
 + Level 2.1 Charms


You had 3 spell levels left.
You knew the following spells:

 Your Spells              Type           Power        Failure   Level  Hunger
a - Infusion              Chrm           #...         12%         1    ##.....


Dungeon Overview and Level Annotations

Branches:
Dungeon (2/15)

Annotations:
D:2 Sigmund


Innate Abilities, Weirdness & Mutations

You have an increased reservoir of magic. (+10% MP)


Message History

You feel sick. The bat barely misses you. The adder closely misses you.
The adder barely misses you.
You barely miss the adder.
The adder is severely wounded.
You feel sick. The bat hits you but does no damage. The adder misses you.
The adder bites you.
* * * LOW HITPOINT WARNING * * *
The adder bites you.
* * * LOW HITPOINT WARNING * * *
You miss the adder.
The adder is severely wounded.
* * * LOW HITPOINT WARNING * * *
You feel sick. The bat hits you but does no damage. The bat misses you.
The adder closely misses you. The adder misses you. The adder bites you.
* * * LOW HITPOINT WARNING * * *
You are more poisoned.
The adder poisons you!
You miss the adder.
The adder is severely wounded.
You die...

## #.## .. .... #.
#...#..# .
#.#.#..# .#
#.#.#..##.#### #
#.#......>... #.
##.##.$S#.#.###
#.##.....S@?......
#.....###....#.##.
#..8..._...8b# #
#......).....#.#
##.8.......8.....
#.............#.
#.8.......8.....
#.............##.
######..##.#..#


You could see 2 adders and a bat.

Vanquished Creatures
  A worm (D:2)
  A leopard gecko (D:2)
  3 bats
  A goblin (D:1)
  4 hobgoblins
  2 frilled lizards
  A kobold (D:2)
  6 rats (D:1)
19 creatures vanquished.

Notes
Turn   | Place    | Note
-------+----------+-------------------------------------------
     0 | D:1      | Mesmaeker13 the Demigod Wanderer began the quest for the Orb.
     0 | D:1      | Mesmaeker13 set off with: a book of Battle, Keloscha's Collected Works on the Mountains, a potion of lignification, a +0 robe, a +0 club, a bread ration
     0 | D:1      | Reached XP level 1. HP: 18/18 MP: 4/4
     0 | D:1      | Identified Keloscha's Collected Works on the Mountains
     2 | D:1      | Learned a level 1 spell: Infusion
   471 | D:1      | Reached XP level 2. HP: 20/25 MP: 3/6
   618 | D:2      | Noticed Sigmund
   751 | D:2      | Found a hide-covered altar of Uskayaw.
  1149 | D:2      | HP: 1/25 [adder (3)]
  1150 | D:2      | Succumbed to an adder's poison

Skill      XL: |  1 |
---------------+----+-----
Charms         | 2 |  2.1
Fighting       | |  2.6
Dodging        | |  0.8
Stealth        | |  1.0
Shields        | |  1.0
Spellcasting   | |  1.7
Hexes          | |  1.7

Action                   || total
-------------------------++-------
Melee: Spear             ||    55
       Club              ||    10
 Cast: Infusion          ||     4
Armor: Leather armour    ||    17
Dodge: Dodged            ||    54
